 Dungeon Crawl Stone Soup version 0.30.1-11-g7821555f0a (webtiles) character file.

Game seed: 17223000641264119131

1 comborobin the Sneak (level 1, -2/20 HPs)
             Began as a Minotaur Delver on Nov 19, 2023.
             Killed by nerve-wracking pain
             ... invoked by a shadow imp
              (8 damage)
             ... on level 5 of the Dungeon.
             The game lasted 00:00:23 (101 turns).

comborobin the Sneak (Minotaur Delver)               Turns: 101, Time: 00:00:24

Health: -2/20      AC:  3    Str: 16    XL:     1   Next: 16%
Magic:  0/0        EV: 11    Int:  7    God:
Gold:   0          SH:  0    Dex: 11    Spells: 0/0 levels left

rFire   . . .        a - +0 hand axe
rCold   . . .        (no shield)
rNeg    . . .        b - +0 leather armour
rPois   .            (helmet restricted)
rElec   .            (no cloak)
rCorr   .            (no gloves)
SInv    .            (no boots)
Will    +....        (no amulet)
Stlth   ++           h - ring of willpower
HPRegen 0.23/turn    (no ring)
MPRegen 0.07/turn

%: no passive effects
@: hasted, very quick
A: horns 2, retaliatory headbutt
a: no special abilities


You were on level 5 of the Dungeon.
You visited 1 branch of the dungeon, and saw 2 of its levels.

Inventory:

Hand Weapons
 a - a +0 hand axe (weapon)
Armour
 b - a +0 leather armour (worn)
Jewellery
 h - a ring of willpower (left hand)
Wands
 g - a wand of digging (3)
Scrolls
 c - a scroll of fog


   Skills:
 + Level 3.6 Fighting
 * Level 2.5 Axes
 + Level 0.1 Armour
 - Level 2.1 Dodging
 - Level 4.1 Stealth


You couldn't memorise any spells.
You didn't know any spells.
Your spell library was empty.

Dungeon Overview and Level Annotations

Branches:
Dungeon (6/15)
 Temple: D:4-7

Altars:


Innate Abilities, Weirdness & Mutations

You have a pair of horns on your head.
You reflexively headbutt those who attack you in melee.


Message History

No target in view!
No target in view!
You start resting.
HP restored.
A quokka comes into view.
You see here a ring of willpower.
Okay, then.
h - a ring of willpower
h - a ring of willpower (left hand)
An ice beast comes into view.
There are monsters nearby!
You hit the ice beast.
The ice beast is moderately wounded.
The ice beast hits you. The ice beast freezes you!
Ouch! That really hurt!
* * * LOW HITPOINT WARNING * * *
You are too injured to fight recklessly!
The quokka attacks as you move away!
The quokka bites you but does no damage.
The ice beast attacks as you move away! The ice beast completely misses you.
You furiously retaliate!
You headbutt the ice beast! The quokka attacks as you move away!
The quokka bites you.
* * * LOW HITPOINT WARNING * * *
As you read the scroll of fear, it crumbles to dust.
You assume a fearsome visage.
The quokka looks frightened!
The ice beast looks frightened!
You feel yourself speed up.
As you read the scroll of magic mapping, it crumbles to dust.
You feel aware of your surroundings.
You sensed 5 altars.
(D) Dungeon
Where to? (? - help)
Okay, then.
A shadow imp comes into view.
The shadow imp gestures at you. You resist with significant effort.
The shadow imp barely misses you.
The shadow imp picks up a beetle and eats it.
The shadow imp gestures at you. Pain shoots through your body!
You die...

*******
*,<,,,***********************
*,,,,,,,,,,,,,,,,,,,,,,,,,,,,
*,,,,..###*******************
*,,,,......####
*********#..@.## * ####..###
*####**** #.....####...,,,,,
#..5.......#******
#.....##.####
#...........#*****
#######.###...,,,,
#...#****,,, ###.# *,,,


You could see a shadow imp.

Vanquished Creatures
  A quokka (D:5)
1 creature vanquished.

Notes
Turn   | Place    | Note
-------+----------+-------------------------------------------
     0 | D:5      | comborobin the Minotaur Delver began the quest for the Orb.
     0 | D:5      | Reached XP level 1. HP: 19/19 MP: 0/0
    69 | D:5      | Noticed an ice beast
    73 | D:5      | HP: 1/20 [quokka (4)]
   101 | D:5      | Killed from afar by a shadow imp

Illustrated notes

Levels and vault maps discovered:
D:5:      layout_rooms, lemuel_coloured_pillars_altar,
          grunt_temple_overflow_open
D:6:      layout_loops_ring, mainiacjoe_overflow_boulevard, uniq_grinder

Action                     || total
---------------------------++-------
  Melee: Hand axe          ||     8
         Headbutt          ||     1
    Use: Scroll            ||     2
         Potion            ||     1
 Armour: Leather armour    ||     4
  Dodge: Dodged            ||     4
